 Dungeon Crawl Stone Soup version 0.21.1-1-g345015f (webtiles) character file.

3691 inc the Thaumaturge (level 10, -2/71 HPs)
             Began as an Octopode Conjurer on June 11, 2018.
             Was an Initiate of Gozag.
             Killed from afar by Erica (26 damage)
             ... with a bolt of poison
             ... on level 9 of the Dungeon on June 12, 2018.
             The game lasted 00:22:11 (11911 turns).

inc the Thaumaturge (Octopode Conjurer)            Turns: 11911, Time: 00:22:12

Health: -2/71      AC:  1    Str:  9      XL:     10   Next: 13%
Magic:  22/22      EV: 13    Int: 18 (20) God:    Gozag
Gold:   1075       SH:  5    Dex: 11 (12) Spells: 19/25 levels left

rFire    . . .     SeeInvis .   D - +2 whip (vamp)
rCold    + . .     Gourm    .   o - +0 buckler (curse)
rNeg     . . .     Faith    .   (helmet restricted)
rPois    .         Spirit   .   (no amulet)
rElec    .         Reflect  .   t - ring of protection from cold
rCorr    .         Harm     .   (no ring)
MR       .....                  (no ring)
Stlth    +++.......             (no ring)
HPRegen  0.21/turn              (no ring)
MPRegen  0.18/turn              (no ring)
                                (no ring)
                                (no ring)

@: lethally poisoned (-2 -> -23), berserk cooldown, slowed, very slow
A: almost no armour, stealthy swim, amphibious, 8 rings, constrict 8, camouflage
1, gelatinous body 1
a: Potion Petition, Call Merchant, Bribe Branch, Renounce Religion


You were on level 9 of the Dungeon.
You worshipped Gozag.
Gozag was most pleased with you.
You were full.

You visited 1 branch of the dungeon, and saw 9 of its levels.

You collected 1152 gold pieces.
You paid 77 gold pieces to Gozag.

Inventory:

Hand Weapons
 g - a +0 dagger
 k - a +0 trident
 D - a +2 vampiric whip (weapon)
Armour
 o - a cursed +0 buckler (worn)
Jewellery
 t - a ring of protection from cold (left tentacle)
Wands
 d - a wand of flame (21)
 j - a wand of acid (4)
 x - a wand of disintegration (8)
 C - a wand of digging (12)
 F - a wand of paralysis (8)
Scrolls
 e - 3 scrolls of noise {unknown}
 f - 3 scrolls of random uselessness {unknown}
 h - 2 scrolls of teleportation {unknown}
 i - 3 scrolls of enchant armour {unknown}
 l - 5 scrolls of amnesia {unknown}
 m - a scroll of fog {unknown}
 p - 2 scrolls of identify
 q - a scroll of fear {unknown}
 r - 8 scrolls of remove curse {unknown}
 u - a scroll of blinking {unknown}
 w - a scroll of enchant weapon {unknown}
 B - a scroll of acquirement {unknown}
Potions
 b - 2 potions of haste
 n - 2 potions of invisibility
 s - a potion of magic
 z - a potion of lignification
 A - a potion of degeneration
 G - a potion of agility
Books
 a - a book of Conjurations

   Spells                             Type                      Level
   a - Magic Dart                     Conjuration                  1
   b - Searing Ray                    Conjuration                  2
   c - Dazzling Spray                 Conjuration/Hexes            3
   d - Fulminant Prism                Conjuration/Hexes            4
   e - Force Lance                    Conjuration/Translocation    4
   f - Iskenderun's Mystic Blast      Conjuration                  4
 y - a book of Callings

   Spells                             Type                      Level
   a - Summon Small Mammal            Summoning                    1
   b - Call Imp                       Summoning                    2
   c - Call Canine Familiar           Summoning                    3
   d - Summon Guardian Golem          Hexes/Summoning              3
   e - Summon Lightning Spire         Summoning/Air                4
   f - Summon Ice Beast               Ice/Summoning                4
Comestibles
 c - 7 rations


   Skills:
 - Level 7.4 Fighting
 - Level 2.0 Dodging
 - Level 2.6 Stealth
 - Level 6.0 Shields
 - Level 8.2 Spellcasting
 + Level 6.0 Conjurations
 + Level 3.3 Hexes


You had 19 spell levels left.
You knew the following spells:

 Your Spells              Type           Power        Failure   Level  Hunger
a - Magic Dart            Conj           ####         1%          1    None
b - Searing Ray           Conj           ####..       1%          2    None
c - Dazzling Spray        Conj/Hex       ###...       4%          3    #......


Dungeon Overview and Level Annotations

Branches:
Dungeon (9/15)             Temple (0/1) D:6
   Lair: D:8-11         Orc: D:9-12

Altars:
Ashenzari
Dithmenos
Fedhas
Gozag
Kikubaaqudgha
Makhleb
Nemelex Xobeh
Qazlal
Ru
Trog
Uskayaw
Vehumet
Xom
Zin

Annotations:
D:3 Grinder
D:9 Erica


Innate Abilities, Weirdness & Mutations

You cannot wear most types of armour.
You are very stealthy in the water. (Stealth+)
You are amphibious.
You can wear up to eight rings at the same time.
You can use your tentacles to constrict eight enemies at once.
Your skin changes colour to match your surroundings (Stealth+).
Your rubbery body absorbs attacks. (AC +1, EV +1)


Message History

Erica is heavily wounded.
You feel sick.
Erica is no longer blind.
Erica hits you with a scimitar of flaming!
Erica burns you.
You closely miss Erica. You grab Erica.
Erica is heavily wounded.
You are no longer berserk.
You are exhausted.
You feel yourself slow down.
You constrict Erica.
You feel sick.
Unknown command.
You hit Erica.
You feel better.
Erica is severely wounded.
You constrict Erica.
You feel sick. Erica gestures at you while chanting.
You resist with significant effort. Erica casts a spell at you.
The bolt of poison hits you!
You are more poisoned.
You die...
Your body crumbles into a pile of gold.

######.######
#.###....... #.. #.#
##...... #..
#.#####...#. #.) #...#
###### #.. ###.########
#.. #.....##....
##...########.#.........
$
...........##.#.#.##....
......@@......<..)......
...........##.#.####....
##...########.#.####....
#.. #.#......... #.
#.########## .. #.#
####. # #.# #.... $
##.## #....
#...#####....


You could see Erica.

Vanquished Creatures
  A spriggan (D:7)
  A wyvern (D:6)
  Eustachio (D:4)
  Menkaure (D:5)
  2 orc warriors
  An ice beast (D:7)
  A sky beast (D:6)
  2 phantoms
  A necrophage (D:7)
  5 ogres
  A centaur (D:5)
  A big kobold (D:9)
  3 bullfrogs
  A wyvern zombie (D:7)
  12 killer bees (D:8)
  3 scorpions
  A howler monkey (D:5)
  A bullfrog zombie (D:5)
  A quasit (D:6)
  3 orc priests (D:5)
  4 orc wizards
  7 hounds
  3 jellies
  An iguana (D:8)
  2 worker ants
  A mummy (D:5)
  2 hound skeletons (D:6)
  Robin (D:2)
  7 gnolls
  6 adders
  2 shadow imps
  An adder skeleton (D:9)
  An adder zombie (D:5)
  2 worms
  2 dart slugs
  4 leopard geckos
  16 orcs
  3 ball pythons
  2 giant cockroaches
  12 goblins
  8 hobgoblins
  12 jackals
  6 quokkas
  8 bats
  6 frilled lizards
  14 kobolds
  A kobold zombie (D:5)
  An orc zombie (D:5)
  15 rats
193 creatures vanquished.

Vanquished Creatures (others)
  Pikel (D:5)
  4 slaves (D:5)
  2 kobolds (D:8)
  A butterfly (D:8)
8 creatures vanquished.

Grand Total: 201 creatures vanquished

Notes
Turn   | Place    | Note
-------+----------+-------------------------------------------
     0 | D:1      | inc the Octopode Conjurer began the quest for the Orb.
     0 | D:1      | Reached XP level 1. HP: 11/11 MP: 3/3
   489 | D:1      | Reached XP level 2. HP: 17/17 MP: 3/5
  1114 | D:2      | Noticed Robin
  1174 | D:2      | Reached XP level 3. HP: 16/21 MP: 2/6
  1457 | D:2      | Found a hide-covered altar of Uskayaw.
  1461 | D:2      | Learned a level 2 spell: Searing Ray
  1465 | D:2      | Learned a level 3 spell: Dazzling Spray
  1465 | D:2      | Found a sparkling altar of Nemelex Xobeh.
  1501 | D:2      | Killed Robin
  1535 | D:2      | Reached skill level 3 in Spellcasting
  1552 | D:2      | Reached XP level 4. HP: 16/27 MP: 0/8
  1749 | D:2      | Reached skill level 5 in Conjurations
  2792 | D:2      | Reached skill level 1 in Shields
  2833 | D:3      | Reached XP level 5. HP: 31/31 MP: 7/10
  2905 | D:3      | Noticed Grinder
  2908 | D:3      | Paralysed by Grinder for 5 turns
  2918 | D:3      | Paralysed by Grinder for 2 turns
  3840 | D:4      | Noticed an ogre
  3854 | D:4      | Killed an ogre
  3854 | D:4      | Reached skill level 4 in Spellcasting
  3854 | D:4      | Reached XP level 6. HP: 36/36 MP: 2/12
  3942 | D:4      | Noticed a phantom
  3982 | D:4      | Found a blossoming altar of Fedhas.
  4143 | D:4      | Found a glowing silver altar of Zin.
  4145 | D:4      | Found an opulent altar of Gozag.
  4146 | D:4      | Found a shattered altar of Ashenzari.
  4165 | D:4      | Became a worshipper of Gozag Ym Sagoz the Greedy
  4700 | D:4      | Reached XP level 7. HP: 41/41 MP: 14/14
  4701 | D:4      | Noticed Eustachio
  4711 | D:4      | Killed Eustachio
  4711 | D:4      | Reached skill level 5 in Spellcasting
  5156 | D:5      | Entered Level 5 of the Dungeon
  5161 | D:5      | Killed Pikel
  5391 | D:5      | Noticed Menkaure
  5399 | D:5      | Killed Menkaure
  5399 | D:5      | Reached skill level 5 in Shields
  5482 | D:5      | Reached skill level 6 in Spellcasting
  5482 | D:5      | Reached XP level 8. HP: 37/46 MP: 1/17
  6024 | D:5      | Found a burning altar of Makhleb.
  6467 | D:6      | Reached skill level 1 in Hexes
  6638 | D:6      | Reached skill level 7 in Spellcasting
  6933 | D:6      | Found a sacrificial altar of Ru.
  7069 | D:6      | Found a shadowy altar of Dithmenos.
  7101 | D:6      | Found a staircase to the Ecumenical Temple.
  7215 | D:6      | Noticed a moth of wrath
  7218 | D:6      | Found a bloodstained altar of Trog.
  7588 | D:6      | Found an ancient bone altar of Kikubaaqudgha.
  7588 | D:6      | Found a radiant altar of Vehumet.
  7638 | D:6      | Found a sparkling altar of Nemelex Xobeh.
  7911 | D:5      | Noticed a wyvern
  7929 | D:6      | Killed a wyvern
  7929 | D:6      | Reached skill level 8 in Spellcasting
  7929 | D:6      | Reached XP level 9. HP: 13/51 MP: 9/21
  8645 | D:5      | Reached skill level 1 in Fighting
  8992 | D:5      | Found a shimmering altar of Xom.
  9102 | D:7      | Found a stormy altar of Qazlal.
  9384 | D:6      | Found a radiant altar of Vehumet.
  9665 | D:7      | Found a shadowy altar of Dithmenos.
 10222 | D:7      | Reached skill level 5 in Fighting
 10791 | D:8      | Reached XP level 10. HP: 38/71 MP: 15/22
 11593 | D:8      | Noticed a two-headed ogre
 11750 | D:9      | Noticed Erica
 11911 | D:9      | Killed from afar by Erica

Skill      XL: |  1  2  3  4  5  6  7  8  9 10 |
---------------+-------------------------------+-----
Spellcasting   | 3 4 6 8 |  8.2
Conjurations   | 5 6 |  6.0
Shields        | 1 2 3 5 6 |  6.0
Hexes          | 1 2 3 |  3.3
Fighting       | 7 |  7.4
Dodging        | |  2.0
Stealth        | |  2.6

Action                   |  1- 3 |  4- 6 |  7- 9 | 10-12 || total
-------------------------+-------+-------+-------+-------++-------
Melee: Unarmed           |    12 |       |       |       ||    12
       Constrict         |     4 |     7 |    10 |     3 ||    24
       Tentacles         |     2 |     2 |     9 |     1 ||    14
       Dagger            |     1 |       |       |       ||     1
       Trident           |     3 |    35 |     5 |       ||    43
       Whip              |       |       |    52 |    17 ||    69
 Cast: Magic Dart        |    50 |    88 |   122 |    18 ||   278
       Searing Ray       |     1 |     6 |    38 |     7 ||    52
       Dazzling Spray    |       |       |    31 |    10 ||    41
Invok: Potion Petition   |       |       |       |     1 ||     1
Evoke: Wand              |       |       |     2 |       ||     2
  Use: Scroll            |       |     3 |     3 |       ||     6
       Potion            |       |       |    10 |       ||    10
 Stab: Sleeping          |       |     5 |     4 |       ||     9
       Distracted        |       |       |     2 |       ||     2
       Invisible         |       |       |     3 |     1 ||     4
  Eat: Chunk             |     2 |     5 |       |       ||     7
       Ration            |       |     1 |     8 |     2 ||    11
Armor: Skin              |     1 |     3 |     8 |     1 ||    13
Dodge: Dodged            |    14 |    26 |   109 |    15 ||   164
Block: Buckler           |       |     7 |    34 |     4 ||    45
